[Event "Late-Titled-Tuesday-Blitz-March-19-2024"]
[Site "Chess.com"]
[Date "2024.03.19"]
[Round "4"]
[White "Alex_Sahakyan2006"]
[Black "iturrizaga"]
[Result "1-0"]
[WhiteElo "2821"]
[BlackElo "2997"]
[TimeControl "180+1"]
[EndTime "14:39:23 PDT"]
[Termination "Alex_Sahakyan2006 won by resignation"]

1. e4 c5 2. Nc3 e6 3. Nf3 a6 4. g3 b5 5. Bg2 Bb7 6. d3 Nf6 7. O-O d6 8. e5 dxe5 9. Nxe5 Bxg2 10. Kxg2 Nbd7 11. Nxd7 Qxd7 12. Qf3 Rc8 13. a4 b4 14. Ne4 Be7 15. Be3 O-O 16. Rfd1 Nd5 17. c4 bxc3 18.
Nxc3 Rb8 19. Nxd5 exd5 20. Rac1 d4 21. Bf4 Rxb2 22. Rc4 Rb4 23. Rdc1 Rxa4 24. Rxa4 Qxa4 25. Qe4 Qd7 26. h4 h6 27. h5 Rc8 28. Rc4 Rc6 29. Qf3 Re6 30. Qa8+ Kh7 31. Qf3 Qc6 32. Rc2 Qxf3+ 33.
Kxf3 Rb6 34. Ra2 f5 35. g4 fxg4+ 36. Kxg4 Kg8 37. Kf5 Kf7 38. Ke4 Ke6 39. Be5 Bf6 40. f4 Rc6 41. f5+ Kd7 42. Kd5 Bxe5 43. Kxe5 Rd6 44. Rg2 c4 45. Rxg7+ Kc6 46. dxc4 d3 47.
Rg1 d2 48. Rd1 Kc5 49. f6 Rd8 50. f7 a5 51. Ke6 Kxc4 52. Rxd2 Rxd2 53. f8=Q Re2+ 54.
Kd6 a4 55. Qf4+ Kb3 56. Qf3+ 1-0

[Event "Late-Titled-Tuesday-Blitz-March-19-2024"]
[Site "Chess.com"]
[Date "2024.03.19"]
[Round "4"]
[White "ExtremeLearner"]
[Black "ArchibaldCerveza29"]
[Result "1-0"]
[WhiteElo "2551"]
[BlackElo "2362"]
[TimeControl "180+1"]
[EndTime "14:39:23 PDT"]
[Termination "ExtremeLearner won by resignation"]

1. e4 e5 2. Nf3 Nf6 3. d4 Nxe4 4. Bd3 d5 5. Nxe5 Nd7 6. O-O Nxe5 7. dxe5 Nc5 8. f4 Nxd3 9. Qxd3 g6 10. Nc3 Bc5+ 11. Kh1 c6 12. Qe2 h5 13. Bd2 Bg4 14. Qe1 Qe7 15.
Na4 O-O-O 16. Nxc5 Qxc5 17. c3 h4 18. Be3 Qa5 19. h3 Bf5 20. b4 Qa6 21. a4 Kb8 22.
Rf2 Qc4 23. Bd4 Rh5 24. Rb2 g5 25. Qf2 b6 26. a5 b5 27. Bxa7+ Ka8 28. Bd4 g4 29.
hxg4 Bxg4 30. e6 fxe6 31. Kh2 h3 32. g3 Rf8 33. Be5 Rxe5 34. Raa2 d4 35. cxd4 Re4 36.
Rc2 Qd5 37. Rc5 Qxd4 38. Qxd4 Rxd4 39. Rxc6 Rd1 40. Ra6+ Kb7 41. Rb6+ Ka7 42. Rc2 Bf3 43.
g4 Rd7 44. Kg3 Be4 45. Rc5 Rh8 46. Rh5 Rxh5 47. gxh5 Rg7+ 48. Kxh3 Bf5+ 49. Kh2 Rg4 50. Rxb5 Rxf4 51. Kg3 Rh4 52. Kxh4 1-0

[Event "Late-Titled-Tuesday-Blitz-March-19-2024"]
[Site "Chess.com"]
[Date "2024.03.19"]
[Round "4"]
[White "artin10862"]
[Black "ACollins05"]
[Result "1-0"]
[WhiteElo "2935"]
[BlackElo "2554"]
[TimeControl "180+1"]
[EndTime "14:39:24 PDT"]
[Termination "artin10862 won by checkmate"]

1. e4 c6 2. d4 d5 3. Nd2 dxe4 4.
Nxe4 Bf5 5. Ng3 Bg6 6. h4 h6 7. h5 Bh7 8. Nf3 Nd7 9. Bd3 Bxd3 10. Qxd3 e6 11. Bf4 Qa5+ 12. Bd2 Bb4 13. Ne4 Bxd2+ 14. Nfxd2 Qc7 15. Qa3 Ndf6 16. Nd6+ Kd8 17. N2c4 Ne8 18. Rh3 Ngf6 19. O-O-O Nxd6 20. Qxd6+ Kc8 21. Rdh1 Rd8 22.
Qxc7+ Kxc7 23. c3 c5 24. dxc5 Rd5 25. b4 Ne4 26. Rf3 f5 27. Re1 Rad8 28. g4 b6 29. gxf5 exf5 30. Rg1 R8d7 31. cxb6+ axb6 32. Ne3 Rd3 33. Rxf5 Rxc3+ 34. Kb2 Rcd3 35. Rc1+ Kb7 36. Nc4 Nd2 37.
Ne5 R3d5 38. f4 Re7 39. Rf8 Ne4 40. Rcc8 Nd6 41. Rb8+ Kc7 42. Ra8 Rd2+ 43. Kc3 Rf2 44. Kd4 Nb7 45. Rac8+ Kd6 46. Rc6# 1-0

[Event "Late-Titled-Tuesday-Blitz-March-19-2024"]
[Site "Chess.com"]
[Date "2024.03.19"]
[Round "4"]
[White "IngOscarArdila"]
[Black "campochess"]
[Result "1-0"]
[WhiteElo "2391"]
[BlackElo "2191"]
[TimeControl "180+1"]
[EndTime "14:39:25 PDT"]
[Termination "IngOscarArdila won by resignation"]

1. d4 c5 2. dxc5 e6 3. Nf3 Bxc5 4. e3 Nf6 5. Nbd2 d5 6. Be2 O-O 7. O-O a6 8. a3 b5 9. b4 Bd6 10. Bb2 Bb7 11. Nb3 Nbd7 12. Nfd4 Rc8 13. Bf3 Ne5 14. Be2 Nc4 15. Bc1 g6 16. c3 e5 17. Nf3 Ne4 18. Qc2 f5 19. Bxc4 Rxc4 20. Bb2 Qc7 21. Rac1 Rc8 22.
Nbd2 Nxd2 23. Nxd2 Rh4 24. Nf3 Rh5 25. g3 g5 26. Qxf5 Rf8 27. Qe6+ Kh8 28. Nd2 Bc6 29. Qg4 Qf7 30. c4 Bd7 31. Qe2 bxc4 32. f4 gxf4 33. exf4 d4 34. fxe5 Rxe5 35. Rxf7 Rxe2 36. Bxd4+ Kg8 37.
Rg7+ Kh8 38. Rxd7+ Be5 39. Bxe5+ Rxe5 40. Nxc4 Re2 41. Rd2 Re4 42. Nd6 Re3 43. Nc4 Re6 44. Rf1 Rc8 45. Na5 Rc3 46. Rf7 Kg8 47. Ra7 Re8 48.
Rdd7 Rc1+ 49. Kg2 Rc2+ 50. Kh3 Rc3 51. Rg7+ Kh8 52. Rxh7+ Kg8 53. Rag7+ Kf8 54. Nb7 Rc6 55. Nc5 Rh6+ 56. Rxh6 Kxg7 57. Rxa6 Re3 58. Ra7+ Kg6 59. b5 Rc3 60. Ne4 Re3 61. Nf2 Re2 62. Ng4 1-0

[Event "Late-Titled-Tuesday-Blitz-March-19-2024"]
[Site "Chess.com"]
[Date "2024.03.19"]
[Round "4"]
[White "Mops_2004"]
[Black "xakevicius91"]
[Result "0-1"]
[WhiteElo "2725"]
[BlackElo "2574"]
[TimeControl "180+1"]
[EndTime "14:39:27 PDT"]
[Termination "xakevicius91 won on time"]

1. e4 c5 2. Nf3 e6 3. c4 Nc6 4. d4 cxd4 5. Nxd4 Nf6 6. Nc3 Bb4 7. Nxc6 bxc6 8. Bd3 e5 9. O-O O-O 10. h3 d6 11. Na4 Bc5 12. Nxc5 dxc5 13. Be3 Qe7 14. Qb3 Be6 15. Qa3 Nd7 16. Rfd1 Rfd8 17. Qa5 h6 18. Rd2 g5 19. Rad1 Kg7 20. Be2 Kg6 21. Bxc5 Nxc5 22.
Rxd8 Nb7 23. Rxa8 Nxa5 24. Rdd8 f6 25. b3 Nb7 26. Re8 Qd7 27. Bg4 Bxg4 28. hxg4 Nc5 29.
Rg8+ Kf7 30. f3 Qd1+ 31. Kh2 Qe1 32. Rgf8+ Ke7 33. Rfe8+ Kd7 34. Red8+ Kc7 35. Rdc8+ Kd7 36.
Rd8+ Ke7 37. Re8+ Kf7 38. Rf8+ Ke7 39. Rae8+ Kd6 40. Rxf6+ Kc7 41. Rf7+ Kb6 42. Rb8+ Ka6 43. Ra8 Qh4+ 44. Kg1 Qe1+ 45. Kh2 Nd3 46. Raxa7+ Kb6 47. Rfb7+ Kc5 48. Rd7 Qh4+ 49. Kg1 Qf2+ 50. Kh2 Nf4 51. b4+ Kxc4 0-1

[Event "Late-Titled-Tuesday-Blitz-March-19-2024"]
[Site "Chess.com"]
[Date "2024.03.19"]
[Round "4"]
[White "KaydenTroffChess"]
[Black "BilodeauA"]
[Result "1/2-1/2"]
[WhiteElo "2855"]
[BlackElo "3062"]
[TimeControl "180+1"]
[EndTime "14:39:28 PDT"]
[Termination "Game drawn - insufficient material"]

1. d4 d5 2. Nf3 Nf6 3. Bf4 e6 4. e3 Bd6 5. Ne5 Nc6 6. Nd2 Nd7 7. Ndf3 f6 8. Nxc6 bxc6 9. Bg3 O-O 10. Be2 c5 11.
O-O Rb8 12. b3 Qe7 13. c4 Bb7 14. cxd5 Bxd5 15. Rc1 Rfd8 16. Qc2 Bxf3 17. Bxf3 cxd4 18. exd4 Nb6 19. Bxd6 cxd6 20. Rfe1 e5 21. Be4 g6 22. dxe5 dxe5 23. h4 Rbc8 24. Qe2 Kg7 25. h5 f5 26. Bc6 Rd6 27. Bb5 Rxc1 28. Rxc1 Nd5 29.
hxg6 Nf4 30. Qc4 hxg6 31. Qc7 Kf6 32. Qxe7+ Kxe7 33. Rc7+ Kf6 34. Rxa7 Rd1+ 35. Kh2 e4 36. g3 Nd5 37. Rd7 Ke5 38. Bc4 Nc3 39. Rxd1 Nxd1 40. Kg2 g5 41. a4 f4 42. a5 Kd6 43. b4 e3 44. a6 Kc7 45. f3 Nc3 46. gxf4 gxf4 47.
b5 Kb6 48. Kf1 Ka7 49. Kg2 Kb6 50. Kh3 e2 51. Bxe2 Nxe2 52. Kg4 Nd4 53. Kxf4 Nxb5 54. Ke5 Kxa6 55. f4 Nc7 56. f5 Ne8 57. f6 Nxf6 1/2-1/2

[Event "Late-Titled-Tuesday-Blitz-March-19-2024"]
[Site "Chess.com"]
[Date "2024.03.19"]
[Round "4"]
[White "DavidGavrilescu18"]
[Black "AmanteDeMoi"]
[Result "1-0"]
[WhiteElo "2765"]
[BlackElo "2579"]
[TimeControl "180+1"]
[EndTime "14:39:28 PDT"]
[Termination "DavidGavrilescu18 won on time"]

1. e4 g6 2. d4 Bg7 3. Nf3 d6 4. Bd3 e5 5. c3 Nc6 6. O-O Nf6 7. h3 O-O 8. Re1 Re8 9. d5 Nb8 10. c4 a5 11. Nc3 Na6 12. Bc2 Nc5 13. a3 Bd7 14.
Rb1 a4 15. Be3 b6 16. Bxc5 bxc5 17. Bxa4 Bxa4 18. Nxa4 Qd7 19. Nc3 Reb8 20. Qc2 Nh5 21. Nd2 Nf4 22. Ne2 Nxe2+ 23. Rxe2 f5 24. exf5 gxf5 25.
Nf1 e4 26. Qc1 Kh8 27. b4 cxb4 28. axb4 Rg8 29. Kh1 Be5 30. Qh6 Rg6 31. Qh5 Rag8 32. g3 f4 33. g4 Qg7 34. Rxe4 Rh6 35. Qf5 Qxg4 36. Qxg4 Rxg4 37. Rb3 Rg8 38. Nh2 Rhg6 39. Nf3 Rg2 40. Re2 R2g6 41. Rb1 Rh6 42. Kh2 Re8 43. c5 Rf6 44. b5 Rb8 45. Nxe5 dxe5 46. Rxe5 f3 47. b6 cxb6 48. d6 Rg8 49. Rg1 Rxg1 50. Kxg1 Rg6+ 51. Kh1 bxc5 52. d7 Rd6 53. Re8+ Kg7 54.
d8=Q Rxd8 55. Rxd8 Kf6 56. Rc8 1-0

[Event "Late-Titled-Tuesday-Blitz-March-19-2024"]
[Site "Chess.com"]
[Date "2024.03.19"]
[Round "4"]
[White "Jagerrmeisterr"]
[Black "Rakitic2010"]
[Result "1-0"]
[WhiteElo "2761"]
[BlackElo "2574"]
[TimeControl "180+1"]
[EndTime "14:39:28 PDT"]
[Termination "Jagerrmeisterr won on time"]

1. e4 Nf6 2. e5 Nd5 3. c4 Nb6 4. c5 Nd5 5. Bc4 e6 6. d4 d6 7. cxd6 cxd6 8. Nf3 Nc6 9. O-O Be7 10. Qe2 O-O 11. a3 Bd7 12. Rd1 Rc8 13. Bd3 dxe5 14. dxe5 Qb6 15. Qe4 g6 16. b4 f5 17. exf6 Bxf6 18.
Ra2 Nd4 19. Ne5 Be8 20. Bh6 Bg7 21. Bxg7 Kxg7 22. Ng4 Rf5 23. Bf1 Nb3 24. Rb2 Nc5 25.
Qd4+ e5 26. bxc5 Qa5 27. Qxd5 Bc6 28. Rxb7+ Bxb7 29. Qxb7+ Rc7 30. Rd7+ Rxd7 31. Qxd7+ Rf7 32. Qd6 h5 33. Qxe5+ Kh7 34. Nf6+ Kh6 35. Nc3 Qc7 36. Qxc7 Rxc7 37. Nce4 Rc6 38. Bb5 Rc8 39. Bd7 Rb8 40.
h4 a5 41. c6 Rb1+ 42. Kh2 Rc1 43. Nd5 g5 44. hxg5+ Kg6 45. Nf4+ Kg7 46. Nxh5+ Kg6 47.
Nf4+ Kg7 48. Ne6+ Kg6 49. f4 a4 50. Ng3 Rc2 51. f5+ Kf7 52. Ne4 Ke7 53. f6+ Kf7 54.
Nd6+ Kg6 55. Be8+ Kh7 56. f7 Rc1 57. g6+ 1-0

[Event "Late-Titled-Tuesday-Blitz-March-19-2024"]
[Site "Chess.com"]
[Date "2024.03.19"]
[Round "4"]
[White "RodokininEV"]
[Black "ExchangeAB"]
[Result "1-0"]
[WhiteElo "2680"]
[BlackElo "2500"]
[TimeControl "180+1"]
[EndTime "14:39:28 PDT"]
[Termination "RodokininEV won by resignation"]

1. d4 Nf6 2. c4 e6 3. Nf3 Bb4+ 4.
Nbd2 O-O 5. g3 b6 6. Bg2 Bb7 7. O-O Re8 8. Qc2 Bf8 9. e4 d6 10. Re1 g6 11. e5 Nfd7 12. Ne4 dxe5 13. dxe5 Bg7 14. Bg5 Qc8 15. Rad1 Nc6 16. Qc3 h6 17.
Nf6+ Nxf6 18. Bxf6 Ne7 19. g4 c5 20. Qe3 Qc6 21. Rd6 Qc7 22. Qf4 Nc6 23. Bxg7 Kxg7 24. Qf6+ Kg8 25. Red1 Qe7 26. Qf4 Rad8 27. Qxh6 Rxd6 28.
exd6 Qf6 29. Ng5 Qg7 30. Qh3 Rd8 31. d7 Kf8 32. Qg3 Qe5 33. Qxe5 Nxe5 34. Bxb7 Nxg4 35. Bc8 Ne5 36. b3 Ke7 37. f4 Nc6 38. Ne4 a5 39.
Nc3 Na7 40. Nb5 Nxc8 41. dxc8=Q Rxc8 42. Rd6 Rb8 43. Kf2 Kf6 44. Ke3 Kf5 45. Rc6 Kg4 46.
Rc7 Rf8 47. Rb7 Kh3 48. Rxb6 Kxh2 49. Rc6 e5 50. fxe5 g5 51. Rxc5 g4 52. Nd4 g3 53.
Nf3+ Kg2 54. Rd5 Re8 55. Rd2+ Kh3 56. Kf4 g2 57. c5 Rc8 58. Ng1+ Kh2 59. Kf3 Kxg1 60.
Rxg2+ Kf1 61. Rc2 Ke1 62. Ke4 Kd1 63. Rc4 Kd2 64. Kd5 Rc7 65. Kd6 Rc8 66. Kd7 Ra8 67.
c6 f5 68. exf6 1-0

[Event "Late-Titled-Tuesday-Blitz-March-19-2024"]
[Site "Chess.com"]
[Date "2024.03.19"]
[Round "4"]
[White "BabageldiAnnaberdiyev"]
[Black "Beca95"]
[Result "1/2-1/2"]
[WhiteElo "2633"]
[BlackElo "2950"]
[TimeControl "180+1"]
[EndTime "14:39:30 PDT"]
[Termination "Game drawn by repetition"]

1. e4 e5 2. Nf3 Nc6 3. Bc4 Nf6 4. d4 exd4 5. O-O Nxe4 6. Re1 d5 7. Bxd5 Qxd5 8. Nc3 Qd7 9. Nxe4 Be7 10. Bg5 O-O 11. Bxe7 Qxe7 12. Nxd4 Nxd4 13. Qxd4 Rd8 14. Qc3 b6 15. Ng3 Be6 16. Re3 c5 17. Rae1 Qg5 18. a3 Rd4 19. Ne4 Qf4 20. f3 Rad8 21. Nf2 h6 22.
Nd3 Qd6 23. Re4 Rxe4 24. Rxe4 Bf5 25. Re3 g5 26. g3 Qd4 27. Qxd4 Rxd4 28. Kf2 Kf8 29.
Ne1 f6 30. Re2 Kf7 31. Ng2 Be6 32. Ne3 f5 33. c3 Rd3 34. f4 Kf6 35. h4 g4 36. Ke1 a5 37. Nf1 Bc4 38. Re3 Rd6 39. Nd2 Be6 40. Re5 Rd3 41. Nf1 Rf3 42. Re3 Bd5 43. Rxf3 Bxf3 44. Ne3 a4 45. Kd2 Ke6 46. c4 Be4 47. Kc3 Kd6 48. Nd1 Ke6 49. Ne3 Kd6 50. Nd1 Ke6 51. Ne3 1/2-1/2

[Event "Late-Titled-Tuesday-Blitz-March-19-2024"]
[Site "Chess.com"]
[Date "2024.03.19"]
[Round "4"]
[White "bulletteemo"]
[Black "DFeco"]
[Result "0-1"]
[WhiteElo "2609"]
[BlackElo "2449"]
[TimeControl "180+1"]
[EndTime "14:39:31 PDT"]
[Termination "DFeco won on time"]

1. e4 e5 2. d4 exd4 3. Qxd4 Nc6 4. Qa4 Qe7 5. Nf3 Qb4+ 6. Qxb4 Bxb4+ 7. c3 Bc5 8. Bc4 Nf6 9. O-O O-O 10. Re1 d6 11. h3 h6 12. a4 a5 13. Na3 Re8 14. Bd3 Bd7 15. Nb5 Rac8 16. Bd2 Bb6 17. b4 Ne5 18.
Nxe5 dxe5 19. Bc4 Be6 20. Bf1 Red8 21. Be3 Bxe3 22. Rxe3 c6 23. Na3 axb4 24. cxb4 Rd4 25. Nc2 Rxe4 26. Rxe4 Nxe4 27. a5 Nd2 28. Be2 Bc4 29.
Bg4 Rb8 30. Ne3 Bb5 31. Rd1 Nb3 32. Nf5 g6 33. Nd6 Nd4 34. Bc8 Ba6 35. f4 Ne2+ 36. Kf2 Nxf4 37. b5 Bxb5 38. Bxb7 Nd3+ 39. Rxd3 Bxd3 40. a6 Bxa6 41. Bxa6 Rb2+ 42. Kf3 f6 43. Ne4 Kf7 44. g4 f5 45. Nd6+ Ke6 46. Nc4 e4+ 47. Ke3 Rb3+ 48. Kd4 Rd3+ 49. Kc5 Rxh3 50. Bc8+ Kf6 51.
gxf5 gxf5 52. Nd6 Rf3 53. Kd4 h5 54. Bb7 Rd3+ 55. Kc5 Rxd6 56. Kxd6 h4 57. Bxc6 h3 58. Bb5 h2 0-1

[Event "Late-Titled-Tuesday-Blitz-March-19-2024"]
[Site "Chess.com"]
[Date "2024.03.19"]
[Round "4"]
[White "Igrok3069"]
[Black "FabianoCaruana"]
[Result "0-1"]
[WhiteElo "2858"]
[BlackElo "3079"]
[TimeControl "180+1"]
[EndTime "14:39:32 PDT"]
[Termination "FabianoCaruana won on time"]

1. d4 Nf6 2. Nf3 d5 3. Bf4 e6 4. e3 Bd6 5. Bd3 b6 6. O-O Bb7 7. Nbd2 O-O 8. c3 c5 9. Ne5 Qc7 10. Qf3 Nc6 11. Nxc6 Bxc6 12. Bxd6 Qxd6 13. Qg3 Qe7 14.
Rfe1 Rfd8 15. a3 Bb7 16. h3 g6 17. Qh4 Kg7 18. Rad1 Rac8 19. Nf3 Rc7 20. Ne5 Ng8 21.
Qf4 Nf6 22. Qh4 Rdc8 23. Re2 Ne8 24. Qf4 Nd6 25. Ng4 f6 26. Qh6+ Kg8 27. Qf4 Rf8 28.
h4 Bc6 29. Ree1 Ba4 30. Rd2 Be8 31. Qg3 Kh8 32. Rde2 Nf5 33. Qh2 Bc6 34. e4 dxe4 35. Bxe4 Bb5 36. Rd2 cxd4 37. cxd4 Rd7 38. Red1 Rfd8 39.
Qf4 Kg7 40. h5 g5 41. h6+ Kf8 42. Qf3 Qf7 43. Bxf5 exf5 44. Qxf5 Rd5 45. Qf3 f5 46.
Ne3 g4 47. Qf4 R5d6 48. Qxf5 Qxf5 49. Nxf5 Rf6 50. Ne3 g3 51. fxg3 Rxh6 52. d5 Rg6 53.
Rf2+ Ke7 0-1

[Event "Late-Titled-Tuesday-Blitz-March-19-2024"]
[Site "Chess.com"]
[Date "2024.03.19"]
[Round "4"]
[White "I-Mesquita"]
[Black "HajiyevKanan"]
[Result "1/2-1/2"]
[WhiteElo "2717"]
[BlackElo "2519"]
[TimeControl "180+1"]
[EndTime "14:39:32 PDT"]
[Termination "Game drawn by repetition"]

1. e4 c6 2. Nc3 d5 3. Nf3 a6 4. h3 dxe4 5. Nxe4 Nf6 6. Nxf6+ exf6 7. d4 Bf5 8. Nh4 Be6 9. Be3 Bd6 10. Bd3 O-O 11. O-O Nd7 12. c4 Re8 13. Qc2 g6 14. Rad1 f5 15. Nf3 Nf6 16. Bg5 Be7 17. Rfe1 Rc8 18.
Ne5 Ne4 19. Bxe7 Rxe7 20. Bxe4 fxe4 21. Qxe4 Bxc4 22. Qh4 Be6 23. Ng4 Bxg4 24. Qxg4 Rcc7 25. Re5 Rcd7 26. Rde1 Qe8 27. Qg5 Rxe5 28. dxe5 Qe6 29. h4 h5 30. a3 Rd4 31. Re3 Kg7 32. Kh2 Rg4 33. Qd8 Rc4 34. Qd6 Rxh4+ 35. Kg1 Qxd6 36. exd6 Rd4 37. Re7 b5 38. Ra7 Rxd6 39. Rxa6 Rd2 40.
b4 Rd1+ 41. Kh2 Rd3 42. Rxc6 Rxa3 43. Rc5 Ra2 44. f3 Rb2 45. Rxb5 f6 46. Rb6 g5 47. b5 Kg6 48. Rb8 h4 49. b6 Rb1 50. Rb7 Kf5 51.
Rb8 Rb2 52. Rb7 Kg6 53. Rb8 Kg7 54. Rb7+ Kg6 55. Rb8 1/2-1/2

[Event "Late-Titled-Tuesday-Blitz-March-19-2024"]
[Site "Chess.com"]
[Date "2024.03.19"]
[Round "4"]
[White "DrCeltic"]
[Black "JosephRyan"]
[Result "1-0"]
[WhiteElo "2580"]
[BlackElo "2270"]
[TimeControl "180+1"]
[EndTime "14:39:33 PDT"]
[Termination "DrCeltic won by checkmate"]

1. e4 e5 2. Nf3 Nc6 3. Bb5 a6 4. Ba4 Nf6 5. O-O b5 6. Bb3 Bc5 7. d3 d6 8. Be3 Bxe3 9. fxe3 Ne7 10. Nc3 Ng6 11. a4 Rb8 12. axb5 axb5 13. Ne2 O-O 14.
Ng3 c6 15. Qd2 Be6 16. Ra7 Bxb3 17. cxb3 Qb6 18. Rfa1 Rb7 19. R7a6 Qc7 20. Nf5 d5 21. Qc2 dxe4 22. dxe4 Rb6 23. b4 Rxa6 24. Rxa6 Rc8 25.
Nd2 Qb7 26. Ra3 Qb6 27. Rc3 Qb7 28. Nd6 Qb8 29. Nxc8 Qxc8 30. Rxc6 Qg4 31. Rc8+ Nf8 32. Qc5 Nd7 33. Qxb5 h5 34. Qc4 h4 35. h3 Qg3 36. Nf1 Qe1 37. b5 g5 38. Qc3 Qe2 39. Qc6 Kg7 40. b6 g4 41. hxg4 Qxg4 42. b7 h3 43. g3 Qf3 44. Qc2 Ne6 45. Qf2 Qd1 46.
b8=Q Nxb8 47. Rxb8 Ng5 48. Kh2 Nf3+ 49. Kxh3 Ng5+ 50.
Kg2 Qd7 51. Rb6 Qh3+ 52. Kg1 Qh5 53. Qf6+ Kg8 54. Rb8+ Kh7 55. Rh8# 1-0

[Event "Late-Titled-Tuesday-Blitz-March-19-2024"]
[Site "Chess.com"]
[Date "2024.03.19"]
[Round "4"]
[White "MusicCityMaster"]
[Black "Alexei_Gubajdullin"]
[Result "0-1"]
[WhiteElo "2442"]
[BlackElo "2650"]
[TimeControl "180+1"]
[EndTime "14:39:33 PDT"]
[Termination "Alexei_Gubajdullin won on time"]

1. e4 g6 2. d3 Bg7 3. Nf3 c5 4. g3 Nc6 5. Bg2 d6 6. O-O Bg4 7. Nbd2 Nf6 8. h3 Bxf3 9. Nxf3 O-O 10. c3 Rb8 11. Re1 b5 12. a3 b4 13. axb4 cxb4 14.
d4 d5 15. exd5 bxc3 16. dxc6 cxb2 17. Bxb2 Rxb2 18. Rxa7 Nd5 19. Rd7 Qa5 20. Ne5 Nc3 21. Qf3 Nb5 22. Rf1 Nxd4 23. Rxd4 Qxe5 24. Rd7 Qc5 25.
c7 Be5 26. Qd5 Qxd5 27. Bxd5 Rc2 28. Re1 Rxc7 29. Rxc7 Bxc7 30. Rxe7 Bb6 31. Kg2 Kg7 32. f4 h5 33. g4 hxg4 34. hxg4 Bd8 35. Rd7 g5 36. f5 Bf6 37. Kf3 Be5 38. Ke4 Bf6 39.
Rb7 Bc3 40. Kd3 Be5 41. Ke4 Bf6 42. Kf3 Be5 43. Bc4 Bf6 44. Bd5 Be5 45. Bc4 Bc3 46. Bd5 Ba1 47. Bc4 Be5 48. Bd5 Bf4 49.
Ke4 Bd2 50. Ke5 Bc3+ 51. Kd6 Rd8+ 52. Kc6 Rc8+ 53. Kd7 Rf8 54. Kd6 Bf6 55. Kc6 Rc8+ 56. Kd6 Rd8+ 57. Kc6 Rf8 58. Kd6 Bd8 59. Rd7 Ba5 60.
Ra7 Bb4+ 61. Kc6 Rc8+ 62. Kd7 Rc5 63. Bb3 Rc3 64. Bd5 Rc5 65. Bb3 Re5 66. Kc6 Be7 67.
Bd5 Kf6 68. Rb7 Re3 69. Rd7 Rc3+ 70. Kb5 Rg3 0-1

[Event "Late-Titled-Tuesday-Blitz-March-19-2024"]
[Site "Chess.com"]
[Date "2024.03.19"]
[Round "4"]
[White "Longstom"]
[Black "Eloist"]
[Result "1/2-1/2"]
[WhiteElo "2241"]
[BlackElo "2477"]
[TimeControl "180+1"]
[EndTime "14:39:33 PDT"]
[Termination "Game drawn - insufficient material"]

1. e4 e6 2. d4 d5 3. exd5 exd5 4. Nf3 Bf5 5. Bd3 Bxd3 6. Qxd3 Nc6 7. O-O Bd6 8. Re1+ Nge7 9. c4 dxc4 10. Qxc4 O-O 11. Nc3 Nf5 12. Bg5 Qd7 13. Rad1 Rae8 14. Ne5 Bxe5 15. dxe5 Qe6 16. Qxe6 fxe6 17. Nb5 Rf7 18.
g4 h6 19. gxf5 hxg5 20. fxe6 Rxe6 21. Rd5 Rfe7 22. Re3 a6 23. Nc3 Nxe5 24. Rd8+ Kf7 25. Nd5 Rd7 26. Rxd7+ Nxd7 27. Rxe6 Kxe6 28. Nxc7+ Kf5 29.
Ne8 Ne5 30. Nd6+ Kf4 31. Nxb7 Nd3 32. b3 Nc1 33. Nc5 Nxa2 34. Nxa6 Nc1 35. b4 Ne2+ 36. Kf1 Nd4 37. Nc7 Ke5 38. b5 Kd6 39. b6 Kc6 40. Ne8 Ne6 41. Kg2 Kxb6 42. Kg3 Kc6 43. Kg4 Kd7 44.
Kf5 Nd4+ 45. Ke4 Kxe8 46. Kxd4 Kf7 47. Ke5 Kg6 48. Ke6 Kh6 49. Kf5 Kh5 50. f3 Kh6 51. h3 Kh5 52. Ke6 Kh6 53. Kf7 Kh7 54. Ke7 Kg6 55. Ke6 Kh5 56. Kf5 Kh6 57. Kg4 Kg6 58.
h4 gxh4 59. Kxh4 Kf5 60. Kh5 Kf4 61. Kg6 Kxf3 62. Kxg7 1/2-1/2

[Event "Late-Titled-Tuesday-Blitz-March-19-2024"]
[Site "Chess.com"]
[Date "2024.03.19"]
[Round "4"]
[White "TregubovP"]
[Black "SharathRk6"]
[Result "1-0"]
[WhiteElo "2669"]
[BlackElo "2444"]
[TimeControl "180+1"]
[EndTime "14:39:35 PDT"]
[Termination "TregubovP won on time"]

1. e4 e5 2. Nf3 Nc6 3. Bc4 Bc5 4. d3 Nf6 5. Nc3 d6 6. Na4 O-O 7. Nxc5 dxc5 8. Bg5 h6 9. Bh4 b6 10. Nd2 Re8 11. Nf1 Be6 12. Ne3 Bxc4 13. Nxc4 Re6 14. O-O Ne7 15. Bxf6 Rxf6 16. Nxe5 Qd4 17. Nc4 Rd8 18. Qe2 b5 19. Ne3 Qxb2 20. Rab1 Qxa2 21. Rxb5 Nc6 22. Rxc5 Nd4 23. Qe1 Rg6 24. Qa5 Qxa5 25. Rxa5 a6 26. Rfa1 Rdd6 27. Kf1 Rc6 28. Nd5 Kf8 29.
Nb4 Rb6 30. R1a4 f5 31. c3 Nb3 32. Rxf5+ Rgf6 33. Rxf6+ Rxf6 34. Rxa6 Rf7 35. Nd5 Kg8 36. Rc6 Nd2+ 37. Ke2 Nb1 38. Ke3 Na3 39. Rxc7 Rf8 40.
Ne7+ Kh7 41. Nf5 Rg8 42. h4 Kh8 43. h5 Nb5 44. Rc5 Na7 45. e5 Nc8 46. e6 Re8 47. Kf4 Nb6 48. Rb5 Rxe6 49. c4 Nd7 50. Rb7 Nc5 51.
Rb8+ Kh7 52. Rd8 Rf6 53. Rd5 Ne6+ 54. Ke3 Ng5 55. g4 Re6+ 56. Kf4 Nh3+ 57. Kg3 Ng1 58.
Nd4 g6 59. Nxe6 1-0

[Event "Late-Titled-Tuesday-Blitz-March-19-2024"]
[Site "Chess.com"]
[Date "2024.03.19"]
[Round "4"]
[White "maciek_92"]
[Black "rhungaski"]
[Result "1-0"]
[WhiteElo "2892"]
[BlackElo "2607"]
[TimeControl "180+1"]
[EndTime "14:39:36 PDT"]
[Termination "maciek_92 won on time"]

1. c4 Nf6 2. Nc3 g6 3. g3 Bg7 4. Bg2 O-O 5. e3 d6 6. Nge2 e5 7. O-O Re8 8. d4 e4 9. f3 exf3 10. Bxf3 c6 11. Qd3 Bh3 12. Rf2 Ng4 13. Bxg4 Bxg4 14.
e4 c5 15. Be3 Nc6 16. Raf1 Bh3 17. Rd1 cxd4 18. Bxd4 Nxd4 19. Nxd4 Bg4 20. Rdf1 Bh3 21. Rd1 Rc8 22. Ndb5 Bg4 23. Rdf1 Qb6 24. Nd5 Qc5 25. b4 Qxc4 26. Qxc4 Rxc4 27. Nxd6 Rcxe4 28. Nxe8 Rxe8 29. Nf6+ Bxf6 30. Rxf6 Be6 31. a3 Rd8 32. R6f3 Rd2 33.
Rc1 Kg7 34. Rc7 Bd5 35. Re3 Rg2+ 36. Kf1 Rxh2 37. Rd3 Be6 38. Kg1 Ra2 39. Rxb7 a6 40. Ra7 h5 41. Re3 Bc4 42. Rc3 Bb5 43. Rcc7 Rxa3 44. Rxf7+ Kh6 45. Kf2 Kg5 46. Rac7 Ra2+ 47. Kg1 Rb2 48. Rf4 Rb3 49. Kh2 Rb2+ 50. Kg1 Rb3 51. Kf2 Rb2+ 52. Ke3 Rb3+ 53. Ke4 Rxg3 54.
Rc5+ Kh6 55. Ke5 Rg5+ 56. Kf6 Rg1 57. Rc8 Kh7 58. Rc7+ Kh6 59. Kf7 Kh7 60. Kf8+ Kh6 61. Rc5 Rg4 62. Rf7 Rxb4 63. Rg7 Rf4+ 64. Rf7 Rxf7+ 65.
Kxf7 h4 66. Kf6 h3 67. Rc8 Kh5 68. Rh8+ Kg4 69. Kxg6 a5 70. Kf6 a4 71. Ke5 a3 72. Ke4 a2 73. Rg8+ Kh4 74. Rg1 h2 75.
Ra1 Kg3 76. Ke3 Bc4 77. Rc1 1-0

[Event "Late-Titled-Tuesday-Blitz-March-19-2024"]
[Site "Chess.com"]
[Date "2024.03.19"]
[Round "4"]
[White "Sargsyan_Shant"]
[Black "Evandro_Barbosa"]
[Result "1-0"]
[WhiteElo "2939"]
[BlackElo "2729"]
[TimeControl "180+1"]
[EndTime "14:39:37 PDT"]
[Termination "Sargsyan_Shant won on time"]

1. c4 c5 2. Nf3 Nc6 3. d4 cxd4 4. Nxd4 Nf6 5. Nc3 e6 6. Bg5 Qb6 7. Nb3 d6 8. e3 Be7 9. Be2 O-O 10. O-O a6 11.
Rc1 Ne5 12. Bf4 Qc7 13. Nd2 b6 14. Nf3 Ng6 15. Bg3 Bb7 16. Nd4 Ne5 17. b3 Rac8 18. Nf3 Ned7 19. Nd4 Ne5 20. Qd2 Rfd8 21. Rfd1 Qb8 22.
Qb2 Qa8 23. Bf1 h5 24. f3 Ng6 25. Bf2 h4 26. Na4 Nd7 27. e4 h3 28. g3 Nge5 29. Bxh3 b5 30. cxb5 axb5 31. Nc3 b4 32. Na4 d5 33.
Rxc8 Rxc8 34. f4 dxe4 35. fxe5 Nxe5 36. Nb6 Qb8 37. Nxc8 Qxc8 38. Qc1 Qa8 39. Bf1 Qxa2 40. Qc7 Ng4 41. Be2 e3 42. Be1 Bf6 43. Qxb7 Bxd4 44. Qg2 Qb2 45. Kf1 Nf2 46. Bxf2 exf2 47. Qe4 e5 48. Qd3 g6 49. g4 Kg7 50. h4 Qa3 51. h5 Qa8 52. Qf3 Qd8 53. Qxf2 1-0